 Dungeon Sprint DCSS version 0.31-a0-18-gea43df2a32 (webtiles) character file.

Game seed: 5459282858927393100

1737 sircluck the Bludgeoner (level 8, -3/90 HPs)
             Began as a Minotaur Berserker on May 9, 2023.
             Was an Elder of Trog.
             Slain by a boulder beetle (22 damage)
             ... in the Dungeon (Sprint II: "The Violet Keep of Menkaure").
             The game lasted 00:02:52 (752 turns).

sircluck the Bludgeoner (Minotaur Berserker)         Turns: 752, Time: 00:02:52

Health: -3/90      AC:  2    Str: 24    XL:     8   Next: 76%
Magic:  7/7        EV: 14    Int:  4    God:    Trog [****..]
Gold:   47         SH:  0    Dex: 10    Spells: 7/7 levels left

rFire   . . .        a - +0 mace
rCold   . . .        (no shield)
rNeg    . . .        b - +0 animal skin
rPois   .            (helmet restricted)
rElec   .            (no cloak)
rCorr   .            (no gloves)
SInv    .            (no boots)
Will    .....        (no amulet)
Stlth   +            (no ring)
HPRegen 0.35/turn    (no ring)
MPRegen 0.10/turn

%: no teleportation
@: on berserk cooldown, slowed, very slow
A: horns 2, retaliatory headbutt, no potion heal 1
a: Renounce Religion, Berserk, Trog's Hand, Brothers in Arms


You were in the Dungeon.
You worshipped Trog.
Trog was greatly pleased with you.
You visited 1 branch You collected 729 gold pieces.
You spent 682 gold pieces at shops.

Inventory:

Hand Weapons
 a - a +0 mace (weapon)
Armour
 b - a +0 animal skin (worn)
 j - a +1 pair of gloves
Jewellery
 k - an amulet of regeneration
Scrolls
 h - a scroll of blinking
Potions
 c - a potion of curing
 d - a potion of heal wounds
 e - a potion of haste
 f - 2 potions of magic
 g - a potion of berserk rage


   Skills:
 + Level 14.3 Fighting
 + Level 15.5 Maces & Flails
 + Level 7.1 Armour
 + Level 8.5 Dodging


You had 7 spell levels left.
You didn't know any spells.
Your spell library was empty.

Dungeon Overview and Level Annotations

Branches:
Dungeon (1/1)

Altars:

Shops:
D (*:[!==(?:[!??(

Annotations:
D exclusion: oklob plant


Innate Abilities, Weirdness & Mutations

You have a pair of horns on your head.
You reflexively headbutt those who attack you in melee.
Potions are less effective at restoring your health.


Message History

You sock the boulder beetle! You headbutt the boulder beetle!
The boulder beetle is severely wounded.
You sock the boulder beetle! You headbutt the boulder beetle.
The boulder beetle is severely wounded.
You hit the boulder beetle but do no damage.
You headbutt the boulder beetle, but do no damage.
The boulder beetle is severely wounded.
The boulder beetle leaps!
The boulder beetle curls into a ball and begins rolling!
There is an open door here.
You see here a boulder beetle corpse.
Unknown command.
You feel a strong urge to attack something.
You feel your anger nearly subside.
You are no longer berserk.
You are exhausted.
You feel yourself slow down.
You see here 243 gold pieces.
A boulder beetle is nearby!
A boulder beetle is nearby!
A boulder beetle is nearby!
A boulder beetle is nearby!
You barely miss the boulder beetle. You headbutt the boulder beetle.
The boulder beetle is severely wounded.
The boulder beetle closely misses you. You furiously retaliate!
You headbutt the boulder beetle, but do no damage.
The boulder beetle stops rolling and uncurls.
You barely miss the boulder beetle.
The boulder beetle is severely wounded.
The boulder beetle leaps!
The boulder beetle curls into a ball and begins rolling!
You see here 243 gold pieces.
You hit the boulder beetle but do no damage.
The boulder beetle is severely wounded.
The boulder beetle hits you!!
* * * LOW HITPOINT WARNING * * *
The boulder beetle stops rolling and uncurls.
You hit the boulder beetle.
The boulder beetle is severely wounded.
The boulder beetle bites you!!
You die...

#∩.∩.∩.∩.#~~####...####,,*****,,*
#.∩.∩.∩..#~##.###'###.##,,*,,+,,*
#..∩.∩...#÷#.#.##.##...#,,*,,*,,*
#...⌠....'~'###÷○<.'.#*+,,****,,*
#........#~#.#.##.##...#,,,,***,,
▓▓▓▓▓▓▓###~##.###†###.##,,,,,,~~~
#$HG######~~####.#.#*##~~,,,,,~*+
#!(H#E,+^##~~~#.B#..#~~~~~~~,,~*,
#∩P(+[/*+**+#~##@#.##~~~~~~~~,~*,
#!..#$#*~**,*~~##+##~~~~~~~~~~~*,
#)$.###≈~~****~~~~~~~~~~~~~~~~~*_
**+***~~~~~*,*+++*+++*~~~~~~~~~*,
*,,,**~~~~~***~~~~~~~**~~~***~~*_
**+***~~~~~**~~~~~~~~~**~~*,*~~*,
*,,,*+~~~~~+~~~~~,~~~~~+~~*+*~~*_
**+***~~~~~**~~~~~~~~~**~~~~~~~**
*,,,**~~~~~***~~~~~~~***********~


You could see a boulder beetle.

Vanquished Creatures
  A boulder beetle (D)
  2 wyverns (D)
  4 neqoxecs (D)
  A water moccasin (D)
  4 necrophages (D)
12 creatures vanquished.

Vanquished Creatures (others)
  Menkaure (D)
  A water moccasin (D)
2 creatures vanquished.

Grand Total: 14 creatures vanquished

Notes
Turn   | Place    | Note
-------+----------+-------------------------------------------
     0 | D        | sircluck the Minotaur Berserker began the quest for the
                  | Orb.
     0 | D        | Reached XP level 1. HP: 19/19 MP: 0/0
     1 | D        | Noticed a neqoxec
     1 | D        | Noticed a neqoxec
     1 | D        | Noticed a neqoxec
     1 | D        | Noticed a neqoxec
     8 | D        | Killed a neqoxec
     8 | D        | Gained mutation: Potions are less effective at restoring
                  | your health. [a neqoxec]
     9 | D        | Reached skill level 8 in Maces & Flails
     9 | D        | Reached XP level 2. HP: 26/35 MP: 1/1
     9 | D        | Reached XP level 3. HP: 30/40 MP: 2/2
     9 | D        | Reached XP level 4. HP: 37/48 MP: 3/3
    13 | D        | Killed a neqoxec
    14 | D        | Reached skill level 10 in Maces & Flails
    14 | D        | Reached skill level 5 in Armour
    14 | D        | Reached XP level 5. HP: 31/58 MP: 4/4
    15 | D        | Killed a neqoxec
    15 | D        | Reached ** piety under Trog
    16 | D        | Reached skill level 10 in Fighting
    16 | D        | Reached skill level 11 in Maces & Flails
    16 | D        | Reached skill level 5 in Dodging
    16 | D        | Reached XP level 6. HP: 36/67 MP: 5/5
    20 | D        | Killed a neqoxec
    21 | D        | Reached skill level 12 in Maces & Flails
    22 | D        | Killed Menkaure
   199 | D        | Reached XP level 7. HP: 43/75 MP: 6/6
   203 | D        | Reached *** piety under Trog
   211 | D        | Reached skill level 13 in Maces & Flails
   417 | D        | Noticed a wyvern
   417 | D        | Noticed a wyvern
   422 | D        | Killed a wyvern
   424 | D        | Killed a wyvern
   425 | D        | Reached skill level 14 in Maces & Flails
   425 | D        | Reached XP level 8. HP: 86/86 MP: 7/7
   461 | D        | Noticed a boulder beetle
   461 | D        | Noticed a boulder beetle
   469 | D        | Found Nodgh's Distillery.
   469 | D        | Found Micsokaj's Magic Scroll Emporium.
   469 | D        | Found Kupebif's Magic Scroll Shoppe.
   469 | D        | Found Utaa's Antique Weapon Emporium.
   469 | D        | Found Akhliuca's Antique Armour Shoppe.
   469 | D        | Found Miv But's Magic Scroll Shoppe.
   470 | D        | Found Iggata's Book Emporium.
   470 | D        | Found Runwa's Weapon Shoppe.
   474 | D        | Found Qiboonim's Jewellery Shoppe.
   474 | D        | Found Ysip's Jewellery Emporium.
   475 | D        | Noticed a great orb of eyes
   482 | D        | Reached **** piety under Trog
   622 | D        | Found Pucack's Distillery.
   622 | D        | Found Wemighachi's Antique Armour Shoppe.
   622 | D        | Noticed an oklob plant
   623 | D        | Found Bisarr's General Store.
   623 | D        | Found Juadouteo's Book Shoppe.
   623 | D        | Found Hifufrey's Antique Weapon Emporium.
   624 | D        | Noticed a manticore
   625 | D        | Noticed a manticore
   625 | D        | Noticed a manticore
   627 | D        | Noticed an iron elemental
   636 | D        | Bought a scroll of magic mapping for 82 gold pieces
   686 | D        | Bought a pair of runed gloves for 180 gold pieces
   694 | D        | Bought an amulet of regeneration for 420 gold pieces
   731 | D        | Killed a boulder beetle
   732 | D        | Reached skill level 15 in Maces & Flails
   752 | D        | Slain by a boulder beetle

Illustrated notes

Levels and vault maps discovered:
D:        the_violet_keep_of_menkaure [sprint2_stairs_cluster_1,
          sprint2_shoproom, sprint2_temple, sprint2_basic_supplies,
          sprint2_obstacle_3, sprint2_obstacle_1, sprint2_obstacle_2,
          sprint2_obstacle_5, sprint2_obstacle_6, sprint2_timed_cluster_1,
          sprint2_smallroom_cluster_1, sprint2_smallroom_final_cluster_1,
          sprint2_transparent_cluster_1, sprint2_second_timed_cluster_1,
          sprint2_sniper_area_1, sprint2_heavy_combat_area_1,
          sprint2_mutation_trap_area_1, sprint2_forest_area_1,
          sprint2_light_combat_area_1, sprint2_behind_water_1,
          sprint2_near_end_vault_1]

Skill      XL: |  1  2  3  4  5  6  7  8 |
---------------+-------------------------+-----
Fighting       | 8 9 10 11 13 14 | 14.3
Maces & Flails | 8 10 11 12 14 15 | 15.5
Armour         | 4 5 6 7 |  7.1
Dodging        | 4 5 7 8 |  8.5

Action                     |  1- 3 |  4- 6 |  7- 9 || total
---------------------------+-------+-------+-------++-------
  Melee: Mace              |     5 |    16 |    48 ||    69
         Headbutt          |     2 |     1 |    13 ||    16
         Punch             |       |       |     1 ||     1
 Invoke: Berserk           |     1 |       |     2 ||     3
    Use: Scroll            |       |       |     1 ||     1
 Armour: Animal skin       |       |     1 |     2 ||     3
  Dodge: Dodged            |     1 |    11 |    16 ||    28

Table legend: (Time is in decaauts)
 A = Elapsed time spent in this place.
 B = Non-inter-level travel time spent in this place.
 C = Inter-level travel time spent in this place.
 D = Time resting spent in this place.
 E = Time spent auto-exploring this place.
 F = Levels seen in this place.
 G = Mean time per level.
                   A        B        C        D        E       F      G
               +--------+--------+--------+--------+--------+-----+--------+
         Total |    759 |    743 |     16 |    527 |     37 |   1 |  759.0 |
       Dungeon |    759 |    743 |     16 |    527 |     37 |   1 |  759.0 |
               +--------+--------+--------+--------+--------+-----+--------+

Top non-repeatable levels by time:
       D: 759 daAuts
